 Dungeon Crawl Stone Soup version 0.24-a0-317-g5cb8de4b22 (console) character file.

Game seed: 11665809885430432142

12798 Bikaver the Thaumaturge (level 11, -5/66 HPs)
             Began as a Deep Elf Conjurer on May 16, 2019.
             Was a High Priest of Vehumet.
             Slain by a shadow (19 damage)
             ... on level 12 of the Dungeon on Nov 23, 2019.
             The game lasted 01:56:08 (16328 turns).

Bikaver the Thaumaturge (Deep Elf Conjurer)        Turns: 16328, Time: 01:56:08

Health: -5/66      AC:  6    Str: 13    XL:     11   Next: 67%
Magic:  2/29       EV: 18    Int: 24    God:    Vehumet [*****.]
Gold:   470        SH:  0    Dex: 19    Spells: 13/34 levels left

rFire    . . .     SeeInvis .   l - +3 dagger (venom)
rCold    . . .     Gourm    .   (no shield)
rNeg     + . .     Faith    .   z - +2 robe {rC+ rF+}
rPois    +         Spirit   .   m - +2 hat
rElec    .         Reflect  .   (no cloak)
rCorr    .         Harm     .   (no gloves)
MR       +....                  (no boots)
Stlth    ++........             (no amulet)
HPRegen  0.21/turn              w - +4 ring of dexterity
MPRegen  0.21/turn              a - ring of Suspected Treachery {rPois rF- rC- rN+ Str+8}

@: no status effects
A: no striking features
a: Renounce Religion


You were on level 12 of the Dungeon.
You worshipped Vehumet.
Vehumet was extremely pleased with you.
You were not hungry.

You visited 2 branches of the dungeon, and saw 13 of its levels.
You also visited: Sewer.

You collected 728 gold pieces.
You spent 258 gold pieces at shops.

Inventory:

Hand Weapons
 l - a +3 dagger of venom (weapon)
 A - the +7 Singing Sword {slice, sonic wave}
   (You found it on level 5 of the Dungeon)

   It inflicts extra damage upon your enemies.
Armour
 m - a +2 hat (worn)
 z - a +2 robe of resistance (worn)
Magical Staves
 g - an uncursed staff of summoning
Jewellery
 a - the ring of Suspected Treachery (right hand) {rPois rF- rC- rN+ Str+8}
   (You found it on level 10 of the Dungeon)

   [ring of positive energy]

   It affects your strength (+8).
   It makes you vulnerable to fire.
   It makes you vulnerable to cold.
   It protects you from poison.
   It protects you from negative energy.
 w - a +4 ring of dexterity (left hand)
Wands
 e - a wand of random effects (13)
 x - a wand of flame (53)
 y - a wand of acid (27)
 C - a wand of digging (6)
 E - a wand of scattershot (5)
 F - a wand of disintegration (9)
 K - a wand of clouds (7)
Scrolls
 b - 3 scrolls of identify
 d - 8 scrolls of teleportation
 i - 12 scrolls of remove curse
 k - 6 scrolls of amnesia
 o - 10 scrolls of fog
 t - 3 scrolls of enchant weapon
 v - 6 scrolls of magic mapping
 D - 2 scrolls of blinking
 G - 4 scrolls of enchant armour
 J - a scroll of fear
 L - a scroll of brand weapon
Potions
 f - 2 potions of magic
 h - 5 potions of brilliance
 j - a potion of berserk rage
 n - 3 potions of lignification
 p - a potion of flight
 q - 3 potions of agility
 r - 7 potions of curing
 s - a potion of invisibility
 u - 2 potions of haste
 B - 2 potions of might
 H - a potion of resistance
 I - 3 potions of ambrosia
Comestibles
 c - 23 rations


   Skills:
 - Level 6.4 Fighting
 - Level 7.1 Dodging
 - Level 2.4 Stealth
 - Level 12.0 Spellcasting
 + Level 11.9 Conjurations
 - Level 1.7 Hexes
 - Level 8.5 Air Magic


You had 13 spell levels left.
You knew the following spells:

 Your Spells              Type           Power        Failure   Level  Hunger
a - Magic Dart            Conj           ####         1%          1    None
b - Searing Ray           Conj           ######       1%          2    None
c - Iskenderun's Mystic   Conj           ######..     1%          4    None
d - Fulminant Prism       Conj/Hex       #####.....   1%          4    None
e - Dazzling Spray        Conj/Hex       #####.       1%          3    None
f - Airstrike             Air            ######....   1%          4    None
g - Inner Flame           Hex/Fire       ###.....     2%          3    None

Your spell library contained the following spells:

 Spells                   Type           Power        Failure   Level  Hunger
 Sandblast                Erth           ##....       1%          1    None
 Stone Arrow              Conj/Erth      #####.       1%          3    None
 Force Lance              Conj/Tloc      #####...     1%          4    None
 Passwall                 Tmut/Erth      ##......     6%          2    None
 Lee's Rapid Deconstruct  Erth           ##........   28%         5    ###....
 Petrify                  Tmut/Erth      ##......     38%         4    None


Dungeon Overview and Level Annotations

Branches:
Dungeon (12/15)            Temple (1/1) D:4            Lair (0/6) D:9
    Orc (0/2) D:9

Altars:
Ashenzari
Cheibriados
Dithmenos
Elyvilon
Fedhas
Gozag
Hepliaklqana
Kikubaaqudgha
Makhleb
Nemelex Xobeh
Okawaru
Qazlal
Ru
Sif Muna
Trog
Uskayaw
Vehumet
Wu Jian
Xom
Yredelemnul
Zin
The Shining One

Shops:
D:4 ([   D:6 %[:*   D:8 =?%?   D:9 !   D:10 =

Annotations:
D:9 2 runed translucent doors
D:10 Erolcha


Message History

Found a murky yellow potion.
Unknown command.
Okay, then.
Casting: Airstrike (safe; 1% risk of failure)
Confirm with . or Enter, or press ? or * to list all spells.
Aiming: Iskenderun's Mystic Blast (safe; 1% risk of failure)
Press: ? - help, Shift-Dir - straight line, f - shadow
Aim: a shadow The orb of energy hits the shadow!
The shadow is moderately damaged.
The shadow slips into darkness.
The shadow flickers and vanishes!
Deactivating autopickup; reactivate with Ctrl-A.
Casting: Iskenderun's Mystic Blast (safe; 1% risk of failure)
Confirm with . or Enter, or press ? or * to list all spells.
You don't have enough magic to cast that spell.
Unknown command.
Unknown command.
The shadow strikes at you from the darkness!
You die...

########################
.......................#
##.....#..###..#..#..#.#
.......................#
...###+#####.........[.#
.#.# #.#..@...##.# .#.#
#....##..##.# .#.#
#........##.# ...#
#...........# ####
#####'###...# .... #...#
.... #.#.# .!... #.#.#
#'#######...#


There were no monsters in sight!

Vanquished Creatures
  Harold (D:10)
  Erica (D:9)
  A deep elf mage (D:12)
  A cyclops (D:12)
  A komodo dragon (D:10)
  2 trolls
  Grinder (D:4)
  Sigmund (D:4)
  A wyvern (D:10)
  10 yaks
  6 humans (D:9)
  3 wargs (D:8)
  Edmund (D:4)
  Duvessa (D:4)
  4 orc warriors
  A black bear (D:10)
  An ice beast (D:8)
  5 ogres
  2 necrophages
  5 sky beasts
  2 eyes of draining
  7 centaurs
  3 phantoms
  Blork the orc (D:4)
  6 bullfrogs
  A big kobold (D:8)
  2 wyvern zombies (D:12)
  2 wyvern skeletons
  5 scorpions
  Dowan (D:4)
  11 killer bees
  5 wights (D:8)
  A howler monkey (D:10)
  2 crimson imps
  A centaur zombie (D:10)
  10 hounds
  4 jellies
  2 bullfrog skeletons
  7 orc priests
  11 orc wizards
  2 centaur skeletons
  A gnoll shaman (D:3)
  Ijyb (D:5)
  Natasha (thrice) (D:2)
  5 iguanas
  7 worker ants
  A killer bee zombie (D:10)
  A hound zombie (D:7)
  2 hound skeletons
  2 worker ant zombies
  3 gnolls (D:4)
  5 river rats
  12 adders
  2 shadow imps (D:5)
  3 oozes (Sewer)
  An adder zombie (D:7)
  An adder skeleton (D:9)
  A leopard gecko (D:4)
  33 orcs
  10 ball pythons
  8 bats
  3 giant cockroaches
  3 goblins
  2 hobgoblins
  7 jackals
  2 quokkas
  5 frilled lizards
  A goblin zombie (D:8)
  5 kobolds
  A kobold skeleton (D:8)
  An orc skeleton (D:8)
  2 orc zombies (D:8)
  A quokka skeleton (D:5)
  A quokka zombie (D:5)
  32 rats
  2 fungi (D:5)
305 creatures vanquished.

Vanquished Creatures (others)
  55 fulminant prisms
  4 fungi (D:5)
59 creatures vanquished.

Grand Total: 364 creatures vanquished

Notes
Turn   | Place    | Note
-------+----------+-------------------------------------------
     0 | D:1      | Bikaver the Deep Elf Conjurer began the quest for the Orb.
     0 | D:1      | Reached XP level 1. HP: 10/10 MP: 6/6
   807 | D:1      | Reached XP level 2. HP: 15/15 MP: 4/8
   811 | D:1      | Learned a level 2 spell: Searing Ray
   862 | D:2      | Noticed Natasha
   898 | D:2      | Reached skill level 4 in Spellcasting
   985 | D:2      | Killed Natasha
   985 | D:2      | Reached XP level 3. HP: 19/19 MP: 4/11
  1000 | D:2      | Noticed Natasha
  1020 | D:2      | Killed Natasha
  1020 | D:2      | Reached skill level 5 in Spellcasting
  1020 | D:2      | Reached XP level 4. HP: 24/24 MP: 5/13
  1132 | D:2      | Found a white marble altar of Elyvilon.
  1139 | D:2      | Noticed Natasha
  1150 | D:2      | Killed Natasha
  1150 | D:2      | Reached skill level 6 in Spellcasting
  1300 | D:2      | Found an iron altar of Okawaru.
  1321 | D:2      | Found a faded altar of an unknown god.
  1651 | D:2      | Found a sparkling altar of Nemelex Xobeh.
  2196 | D:3      | Reached XP level 5. HP: 28/28 MP: 13/16
  2202 | D:3      | Learned a level 4 spell: Iskenderun's Mystic Blast
  2356 | D:3      | Found a sacrificial altar of Ru.
  2467 | D:4      | Reached skill level 1 in Fighting
  2695 | D:4      | Found Mygink's Weapon Emporium.
  2807 | D:3      | Reached XP level 6. HP: 33/36 MP: 9/17
  2911 | D:4      | Found a staircase to the Ecumenical Temple.
  2928 | Temple   | Entered the Ecumenical Temple
  3109 | Temple   | Became a worshipper of Vehumet
  3236 | D:4      | Found Naonacul's Antique Armour Boutique.
  3260 | D:4      | Noticed Grinder
  3274 | D:4      | Killed Grinder
  3274 | D:4      | Reached XP level 7. HP: 25/41 MP: 1/19
  3403 | D:4      | Noticed Edmund
  3640 | D:4      | Noticed Dowan
  3642 | D:4      | Noticed Duvessa
  3663 | D:4      | Learned a level 4 spell: Fulminant Prism
  3667 | D:4      | Killed Dowan
  3851 | D:4      | Noticed Blork the orc
  3866 | D:4      | Killed Blork the orc
  3873 | D:4      | Noticed Sigmund
  4005 | D:4      | Killed Duvessa
  4005 | D:4      | Reached skill level 1 in Hexes
  4121 | D:5      | Entered Level 5 of the Dungeon
  4331 | D:5      | Learned a level 3 spell: Dazzling Spray
  4562 | D:5      | Reached XP level 8. HP: 43/46 MP: 15/20
  4612 | D:5      | Found a stormy altar of Qazlal.
  4967 | D:5      | Noticed Ijyb
  4973 | D:5      | Killed Ijyb
  4976 | D:5      | Reached skill level 5 in Dodging
  5284 | D:5      | Reached * piety under Vehumet
  5284 | D:5      | Offered knowledge of Flame Tongue by Vehumet.
  5440 | D:5      | Found the +7 Singing Sword {slice, sonic wave}
  5670 | D:6      | Reached skill level 7 in Spellcasting
  5750 | D:6      | Found Rodo's Assorted Antiques.
  5772 | D:6      | Found a glowing drain.
  5792 | Sewer    | Entered a sewer
  5996 | Sewer    | Reached skill level 8 in Spellcasting
  6061 | Sewer    | Reached ** piety under Vehumet
  6061 | Sewer    | Offered knowledge of Throw Frost by Vehumet.
  6205 | Sewer    | Reached skill level 9 in Spellcasting
  6522 | D:6      | Found Loykuj's Book Boutique.
  6621 | D:6      | Reached XP level 9. HP: 50/50 MP: 4/24
  6859 | D:6      | Offered knowledge of Mephitic Cloud by Vehumet.
  6873 | D:6      | Found an ornate altar of the Wu Jian Council.
  6904 | D:6      | Found Ceblor's Armour Boutique.
  6920 | D:6      | Found Jalueg Ilug's Food Shop.
  7229 | D:6      | Found a bloodstained altar of Trog.
  7229 | D:6      | Found a hazy altar of Hepliaklqana.
  7371 | D:4      | Killed Edmund
  7371 | D:4      | Reached skill level 10 in Spellcasting
  7489 | D:4      | Killed Sigmund
  7969 | D:7      | Reached skill level 11 in Spellcasting
  8549 | D:7      | Found a snail-covered altar of Cheibriados.
  8941 | D:7      | Reached skill level 12 in Spellcasting
  8996 | D:8      | Found Fudagawk's Magic Scroll Boutique.
  9003 | D:8      | Bought a scroll of teleportation for 42 gold pieces
  9154 | D:8      | Reached *** piety under Vehumet
  9382 | D:8      | Found Nusouqoe's Food Boutique.
  9570 | D:8      | Found a deep blue altar of Sif Muna.
  9752 | D:8      | Reached skill level 5 in Fighting
  9767 | D:8      | Found a blossoming altar of Fedhas.
  9978 | D:8      | Found a glowing golden altar of the Shining One.
 10124 | D:8      | Found Caudd's Jewellery Emporium.
 10242 | D:8      | Found Paar's Magic Scroll Emporium.
 10250 | D:8      | Bought a scroll of identify for 24 gold pieces
 10250 | D:8      | Bought a scroll of amnesia for 42 gold pieces
 10250 | D:8      | Bought a scroll of identify for 24 gold pieces
 10250 | D:8      | Bought a scroll of identify for 24 gold pieces
 10486 | D:9      | Found a staircase to the Lair.
 10496 | D:8      | Reached XP level 10. HP: 55/60 MP: 20/28
 10786 | D:9      | Noticed Erica
 10958 | D:9      | Offered knowledge of Airstrike by Vehumet.
 10964 | D:9      | Learned a level 4 spell: Airstrike
 11196 | D:9      | Reached skill level 1 in Air Magic
 11661 | D:10     | Entered Level 10 of the Dungeon
 11675 | D:9      | Found Ziunwub's Distillery.
 11684 | D:9      | Bought a potion of curing for 51 gold pieces
 11684 | D:9      | Bought a potion of curing for 51 gold pieces
 11781 | D:9      | Killed Erica
 11781 | D:9      | Reached skill level 5 in Air Magic
 11879 | D:9      | Found a staircase to the Orcish Mines.
 11897 | D:9      | Found a runed translucent door.
 11899 | D:9      | Found a runed translucent door.
 11991 | D:9      | Reached **** piety under Vehumet
 12109 | D:9      | Found a runed translucent door.
 12111 | D:9      | Found a runed translucent door.
 12378 | D:9      | Offered knowledge of Inner Flame by Vehumet.
 12383 | D:9      | Learned a level 3 spell: Inner Flame
 12514 | D:10     | Got a faintly glowing glass ring
 12515 | D:10     | Identified the ring of Suspected Treachery {rPois rF- rC-
                  | rN+ Str+8} (You found it on level 10 of the Dungeon)
 12544 | D:10     | Noticed Harold
 12899 | D:10     | Killed Harold
 12899 | D:10     | Reached XP level 11. HP: 41/66 MP: 4/29
 13408 | D:10     | Found Joafueb's Jewellery Boutique.
 13424 | D:10     | Noticed Erolcha
 13544 | D:9      | Found a runed translucent door.
 14491 | D:11     | Reached skill level 10 in Conjurations
 15576 | D:12     | Noticed a deep elf mage
 15579 | D:12     | Killed a deep elf mage
 15675 | D:12     | Noticed a purple ugly thing
 16304 | D:12     | Reached ***** piety under Vehumet
 16328 | D:12     | Slain by a shadow

Levels and vault maps discovered:
D:1:      dpeg_arrival_long_road, layout_basic
D:2:      layout_loops_ring, lemuel_round_altar, overflow_temple_1_default,
          nicolae_overflow_hidden_temple, chequers_ecumenical_altar_simple,
          feat_on_display, uniq_natasha
D:3:      layout_loops_cross, nicolae_overflow_crystal_walls
D:4:      layout_gridville, minmay_temple_entry_grid, serial_shops, shop,
          nicolae_shop_crystal, first_ration, uniq_edmund, uniq_grinder,
          uniq_sigmund, uniq_duvessa, uniq_blork_the_orc
D:5:      old_forge, layout_cave_pods, nicolae_qazlal_general_emergency,
          uniq_ijyb
D:6:      layout_basic, old_standard_altar, gammafunk_temple_overflow_elements,
          portal_sewer_entry_a, serial_shops, shop, shop, shop,
          nicolae_shop_waterfront
D:7:      layout_basic, lemuel_round_altar
D:8:      layout_basic, marbit_many_paths, lemuel_doored_altar, serial_shops,
          nicolae_shop_temple_entry_statues_fountains, shop, shop, shop,
          blue_anna_alchemist [blue_anna_fruit_fields, blue_anna_fruit_fields],
          nicolae_tso_besieged_by_evil
D:9:      erik_cavepeople, layout_irregular_city, erik_lair_orcish_takeover,
          serial_shops, shop_coins, uniq_erica
D:10:     layout_roguey, serial_shops, shop, uniq_harold, uniq_erolcha
D:11:     layout_loops_ring
D:12:     layout_stronghold, minmay_misc_feat_enclosed
Temple:   bh_familiar_temple

Skill      XL: |  1  2  3  4  5  6  7  8  9 10 11 |
---------------+----------------------------------+-----
Dodging        | 3 7 |  7.1
Spellcasting   | 4 5 6 9 12 | 12.0
Fighting       | 2 3 5 6 |  6.4
Conjurations   | 6 8 11 | 11.9
Hexes          | 1 |  1.7
Air Magic      | 8 |  8.5
Stealth        | |  2.4

Action                   |  1- 3 |  4- 6 |  7- 9 | 10-12 || total
-------------------------+-------+-------+-------+-------++-------
Melee: Dagger            |       |     3 |     3 |       ||     6
 Cast: Magic Dart        |    24 |    66 |   237 |   104 ||   431
       Searing Ray       |     3 |    13 |    51 |    44 ||   111
       Iskenderun's Myst |       |     4 |    24 |    92 ||   120
       Fulminant Prism   |       |       |    26 |    30 ||    56
       Dazzling Spray    |       |       |     2 |     4 ||     6
       Airstrike         |       |       |       |    13 ||    13
  Use: Scroll            |     5 |     3 |    14 |     4 ||    26
       Potion            |       |       |       |     2 ||     2
  Eat: Chunk             |       |     7 |    17 |    16 ||    40
       Ration            |       |       |     2 |     1 ||     3
Armor: Robe              |       |     1 |    15 |    19 ||    35
Dodge: Dodged            |       |     7 |    77 |   141 ||   225

Table legend:
 A = Non-vault XP
 B = Vault XP
 C = Vault XP percentage of total XP
 D = Non-vault monster count
 E = Vault monster count
 F = Vault count percentage of total count
                 A         B        C        D         E       F
            +---------+---------+-------+---------+---------+-------
      Total |   11393 |    6890 |  37.7 |     200 |     103 |  34.0
            +---------+---------+-------+---------+---------+-------
        D:1 |      14 |       0 |   0.0 |       9 |       0 |   0.0
        D:2 |     131 |      36 |  21.6 |      15 |       1 |   6.2
        D:3 |     103 |       0 |   0.0 |      14 |       0 |   0.0
        D:4 |     233 |     984 |  80.9 |      15 |       6 |  28.6
        D:5 |     629 |     277 |  30.6 |      19 |      12 |  38.7
        D:6 |     660 |      14 |   2.1 |      11 |       1 |   8.3
        D:7 |     795 |       0 |   0.0 |      14 |       0 |   0.0
        D:8 |    1171 |     725 |  38.2 |      22 |      14 |  38.9
        D:9 |    1796 |    3503 |  66.1 |      23 |      20 |  46.5
       D:10 |    1730 |    1007 |  36.8 |      25 |       1 |   3.8
       D:11 |     572 |       0 |   0.0 |      11 |       0 |   0.0
       D:12 |    3559 |       0 |   0.0 |      22 |       0 |   0.0
      Sewer |       0 |     344 | 100.0 |       0 |      48 | 100.0
            +---------+---------+-------+---------+---------+-------
